 Dungeon Crawl Stone Soup version 0.20.1-1-g8b1a95d (webtiles) character file.

10308 Gets the Basher (level 11, -3/71 HPs)
             Began as a Gargoyle Fighter on Nov 8, 2017.
             Was a Follower of Uskayaw.
             Slain by a spiny frog (6 damage)
             ... on level 1 of the Lair of Beasts.
             The game lasted 00:32:24 (13681 turns).

Gets the Basher (Gargoyle Fighter)                 Turns: 13681, Time: 00:32:24

Health: -3/71      AC: 18    Str: 23    XL:     11   Next: 60%
Magic:  12/12      EV: 14    Int:  8    God:    Uskayaw [*.....]
Gold:   842        SH:  0    Dex: 12    Spells: 10/10 levels left

rFire    + . .     SeeInvis .   x - +1 flail (holy)
rCold    . . .     Gourm    .   (no shield)
rNeg     + . .     Faith    .   b - +1 scale mail
rPois    ∞         Spirit   .   (no helmet)
rElec    +         Reflect  .   (no cloak)
rCorr    .         Harm     .   (no gloves)
MR       +....                  i - +0 pair of boots
Stlth    ..........             C - amulet of regeneration
Regen    0.7/turn               y - ring of flight
MPRegen  0.2/turn               q - ring of protection from magic

@: hasted, very quick
A: talons 1, fire resistance 1, low mp 1, negative energy resistance 1, sense
surroundings 2, electricity resistance, strong 1, unbreathing, petrification
resistance, rot immunity, AC +7
a: Stomp, Renounce Religion, Evoke Flight


You were on level 1 of the Lair of Beasts.
You worshipped Uskayaw.
Uskayaw was noncommittal.
You were not hungry.

You visited 3 branches of the dungeon, and saw 13 of its levels.
You also visited: Bailey.

You collected 842 gold pieces.

Inventory:

Hand Weapons
 a - a +0 flail
 d - a +6 hand axe of chopping
 x - a +1 flail of holy wrath (weapon)
Armour
 b - a +1 scale mail (worn)
 c - a +0 shield
 i - a +0 pair of boots (worn)
Jewellery
 h - an uncursed ring of wizardry
 q - a ring of protection from magic (right hand)
 y - a ring of flight (left hand)
 C - an amulet of regeneration (around neck)
Wands
 j - a wand of random effects (6/48)
 B - a wand of polymorph (0/24)
 E - a wand of digging (8/24)
 F - a wand of lightning (10/15)
Scrolls
 e - 5 scrolls of remove curse
 f - a scroll of recharging
 g - 2 scrolls of fog
 k - 2 scrolls of immolation
 l - 3 scrolls of teleportation
 n - 3 scrolls of enchant weapon
 o - 4 scrolls of enchant armour
 r - 6 scrolls of identify
 u - a scroll of vulnerability {unknown}
 v - a scroll of blinking {unknown}
 w - 3 scrolls of amnesia
 z - a scroll of random uselessness {unknown}
 G - a scroll of magic mapping {unknown}
Potions
 p - a potion of curing
 H - a potion of haste
Comestibles
 m - 8 meat rations
 s - 8 fruits
 t - 2 bread rations
 A - 6 royal jellies


   Skills:
 - Level 9.0 Fighting
 * Level 6.3(8.3) Axes
 - Level 9.2(10.2) Maces & Flails
 - Level 8.6 Armour
 + Level 7.2 Dodging
 - Level 3.2 Shields
 + Level 3.2 Invocations


You had 10 spell levels left.
You didn't know any spells.

Dungeon Overview and Level Annotations

Branches:
Dungeon (10/15)            Temple (1/1) D:4            Lair (2/6) D:10
    Orc (0/2) D:10
  Swamp: Lair:2-4    Shoals: Lair:2-4     Snake: Lair:2-4    Spider: Lair:2-4

Altars:
Ashenzari
Cheibriados
Dithmenos
Elyvilon
Fedhas
Gozag
Hepliaklqana
Kikubaaqudgha
Makhleb
Nemelex Xobeh
Okawaru
Qazlal
Ru
Sif Muna
Trog
Uskayaw
Vehumet
Xom
Yredelemnul
Zin
The Shining One


Innate Abilities, Weirdness & Mutations

You are resistant to torment.
Your stone body is resilient. (AC +7)
You are immune to poison.
You resist negative energy. (rN+)
You are resistant to electric shocks. (rElec)
You can survive without breathing.
You are immune to petrification.
You are immune to rotting.
You have sharp toenails.
Your flesh is heat resistant. (rF+)
Your magical capacity is low. (-10% MP)
You passively map the area around you.
Your muscles are strong. (Str +2)


Message History

The black mamba is lightly wounded.
The black mamba misses you. The spiny frog completely misses you.
The black mamba closely misses you.
You miss the black mamba.
The black mamba is lightly wounded.
The spiny frog stings you!
* * * LOW HITPOINT WARNING * * *
The black mamba bites you!
* * * LOW HITPOINT WARNING * * *
You closely miss the black mamba.
The black mamba is lightly wounded.
The black mamba bites you but does no damage.
Your scale mail prevents you from hitting the black mamba.
The black mamba is lightly wounded.
The spiny frog misses you. The black mamba bites you.
* * * LOW HITPOINT WARNING * * *
You hit the black mamba.
The black mamba is moderately wounded.
The spiny frog stings you.
You die...

..> ....................#
...,....................#
...,......(.............#
...,..........#.#.##....#
..., #P.##...#........P.#
..#* ##*#...#........#.#
..##, ,,#...#........#.#
... , .. #...#..F.....P.#
..#.... #.....S@.......#
..#... ,..............#.#
..##.###.#...+........#.#
...#.#.##....#........#.#
.............##+.######.#
........................#
.......)..............D.#
........................#
..........†.............#


You could see a black mamba and a spiny frog.

Vanquished Creatures
  A two-headed ogre (D:10)
  The ghost of homeworkjunkie the Cleaver, a novice HOFi (D:8)
  A black mamba (Lair:1)
  2 spiny frogs (Lair:1)
  A komodo dragon (Lair:1)
  3 wyverns
  4 hogs (D:8)
  2 hungry ghosts
  A human (D:8)
  A warg (Bailey)
  2 porcupines (Lair:1)
  A water moccasin (Lair:1)
  4 orc warriors
  A black bear (D:10)
  A sky beast (D:5)
  2 ice beasts
  The ghost of papiloppo the Skirmisher, an amateur MiBe of Trog (D:3)
  A swamp drake (D:10)
  3 phantoms
  5 centaurs
  5 ogres
  5 crocodiles
  3 bullfrogs
  7 gnoll sergeants (Bailey)
  3 scorpions
  19 killer bees
  2 howler monkeys (D:10)
  6 crimson imps
  2 quasits (D:8)
  A centaur zombie (D:4)
  A jelly (D:5)
  6 gnoll shamans (Bailey)
  An orc priest (D:10)
  8 hounds
  2 bullfrog skeletons
  A centaur skeleton (D:8)
  4 iguanas
  Jessica (D:2)
  13 orc wizards
  12 worker ants
  A hound skeleton (D:10)
  A worker ant zombie (D:5)
  21 gnolls
  11 adders
  A shadow imp (D:8)
  A white imp (D:7)
  An adder zombie (D:5)
  An adder skeleton (D:8)
  4 worms
  3 dart slugs
  6 leopard geckos
  29 orcs
  4 giant cockroaches
  6 goblins
  12 hobgoblins
  7 jackals
  9 quokkas
  A ball python (D:1)
  6 bats
  4 frilled lizards
  A goblin zombie (D:7)
  4 hobgoblin zombies
  12 kobolds
  A kobold skeleton (D:7)
  A kobold zombie (D:7)
  An orc skeleton (D:7)
  An orc zombie (D:7)
  A quokka skeleton (D:3)
  10 rats
301 creatures vanquished.

Vanquished Creatures (others)
  A fungus (Lair:1)
1 creature vanquished.

Grand Total: 302 creatures vanquished

Notes
Turn   | Place    | Note
-------+----------+-------------------------------------------
     0 | D:1      | Gets the Gargoyle Fighter began the quest for the Orb.
     0 | D:1      | Reached XP level 1. HP: 14/14 MP: 1/1
   140 | D:1      | Reached XP level 2. HP: 19/19 MP: 2/2
   892 | D:1      | Reached XP level 3. HP: 22/23 MP: 3/3
   930 | D:2      | Reached skill level 1 in Dodging
  1087 | D:2      | Found a faded altar of an unknown god.
  1189 | D:2      | Found a blossoming altar of Fedhas.
  1276 | D:2      | Reached XP level 4. HP: 24/28 MP: 4/4
  1657 | D:2      | Found a deep blue altar of Sif Muna.
  1664 | D:2      | Found a hide-covered altar of Uskayaw.
  1665 | D:2      | Found a sacrificial altar of Ru.
  1725 | D:2      | Became a worshipper of Uskayaw the Reveler
  1957 | D:3      | Noticed papiloppo's ghost (amateur MiBe)
  2141 | D:3      | Noticed Jessica
  2145 | D:2      | Killed Jessica
  2145 | D:2      | Reached * piety under Uskayaw
  2312 | D:3      | Reached XP level 5. HP: 33/33 MP: 5/5
  2314 | D:3      | Reached ** piety under Uskayaw
  2447 | D:3      | Killed papiloppo's ghost
  2447 | D:3      | Reached *** piety under Uskayaw
  2533 | D:3      | Reached XP level 6. HP: 30/38 MP: 6/6
  4109 | D:4      | Found a staircase to the Ecumenical Temple.
  4196 | D:4      | Reached XP level 7. HP: 15/44 MP: 7/7
  4210 | D:4      | Reached skill level 5 in Maces & Flails
  4212 | D:4      | Reached **** piety under Uskayaw
  4214 | D:4      | Reached skill level 5 in Fighting
  4835 | D:5      | Entered Level 5 of the Dungeon
  4862 | D:5      | Reached skill level 5 in Armour
  5288 | Temple   | Entered the Ecumenical Temple
  5510 | D:5      | Reached XP level 8. HP: 41/50 MP: 8/8
  6147 | D:5      | Gained mutation: Your muscles are strong. (Str +2) [mutagenic meat]
  6148 | D:5      | Gained mutation: You passively map a small area around you. [mutagenic meat]
  6149 | D:5      | Gained mutation: You are agile. (Dex +2) [mutagenic meat]
  6150 | D:5      | Gained mutation: Your magical capacity is low. (-10% MP) [mutagenic meat]
  6151 | D:5      | Gained mutation: Your flesh is heat resistant. (rF+) [mutagenic meat]
  6152 | D:5      | Gained mutation: You are resistant to hostile enchantments. (MR+) [mutagenic meat]
  6961 | D:6      | Reached XP level 9. HP: 55/56 MP: 8/8
  7977 | D:6      | Found a bloodstained altar of Trog.
  7977 | D:6      | Found a basalt altar of Yredelemnul.
  8127 | D:7      | Found an iron altar of Okawaru.
  8195 | D:7      | Found a glowing golden altar of the Shining One.
  8687 | D:7      | Found a blossoming altar of Fedhas.
  9081 | D:8      | Noticed homeworkjunkie's ghost (novice HOFi)
  9155 | D:8      | Found a flagged portal.
  9170 | Bailey   | Entered a bailey
  9695 | Bailey   | Reached skill level 5 in Dodging
  9872 | Bailey   | Reached XP level 10. HP: 49/63 MP: 9/9
 10061 | Bailey   | Reached ***** piety under Uskayaw
 10410 | D:8      | Killed homeworkjunkie's ghost
 10410 | D:8      | Reached skill level 1 in Axes
 10666 | D:8      | Found a white marble altar of Elyvilon.
 11272 | D:9      | Found a radiant altar of Vehumet.
 11697 | D:9      | Reached XP level 11. HP: 71/71 MP: 9/9
 11779 | D:10     | Entered Level 10 of the Dungeon
 11876 | D:10     | Lost mutation: You are agile. (Dex +2) [potion of mutation]
 11876 | D:10     | Lost mutation: You are resistant to hostile enchantments. (MR+) [potion of mutation]
 11876 | D:10     | Gained mutation: You have sharp toenails. [potion of mutation]
 11876 | D:10     | Gained mutation: You passively map the area around you. [potion of mutation]
 11964 | D:10     | Reached ****** piety under Uskayaw
 11994 | D:10     | Found a staircase to the Orcish Mines.
 12160 | D:10     | Noticed a two-headed ogre
 12167 | D:10     | Killed a two-headed ogre
 12167 | D:10     | Reached skill level 5 in Axes
 12167 | D:10     | Reached skill level 1 in Invocations
 12398 | D:10     | Found a staircase to the Lair.
 12488 | Lair:1   | Entered Level 1 of the Lair of Beasts
 12829 | Lair:1   | Noticed a five-headed hydra
 13680 | Lair:1   | HP: 3/71 [black mamba (2)]
 13681 | Lair:1   | Slain by a spiny frog

Skill      XL: |  1  2  3  4  5  6  7  8  9 10 11 |
---------------+----------------------------------+-----
Dodging        | 1 2 3 5 6 7 |  7.2
Maces & Flails | 3 4 5 7 8 9 |  9.2
Fighting       | 4 5 6 7 9 |  9.0
Armour         | 4 5 6 7 8 |  8.6
Axes           | 3 6 |  6.3
Invocations    | 3 |  3.2
Shields        | |  3.2

Action                   |  1- 3 |  4- 6 |  7- 9 | 10-12 || total
-------------------------+-------+-------+-------+-------++-------
Melee: Flail             |   154 |   194 |   759 |   119 ||  1226
       Hand axe          |       |       |       |   361 ||   361
Invok: Line Pass         |       |       |       |     1 ||     1
       Stomp             |       |       |       |     3 ||     3
 Abil: Evoke Flight      |       |       |       |     1 ||     1
Evoke: Wand              |       |       |     2 |     9 ||    11
  Use: Potion            |       |     4 |    10 |     8 ||    22
       Scroll            |       |     1 |     6 |     6 ||    13
 Stab: Paralysed         |       |       |     9 |    21 ||    30
       Distracted        |       |       |     1 |       ||     1
  Eat: Chunk             |     2 |     6 |    18 |       ||    26
       Bread ration      |       |     1 |     2 |     1 ||     4
       Royal jelly       |       |       |     2 |       ||     2
       Meat ration       |       |       |       |     2 ||     2
Armor: Scale mail        |    82 |    79 |   360 |   218 ||   739
Dodge: Dodged            |    44 |    73 |   363 |   285 ||   765
Block: Shield            |    95 |   105 |   474 |   271 ||   945
